 Dungeon Crawl Stone Soup version 0.31.0 (webtiles) character file.

Game seed: 10728503177060183180

46 qw the Shooter (level 3, 0/22 HPs)
             Began as a Gargoyle Hunter on Jan 20, 2024.
             Incinerated by a bombardier beetle (6 damage)
             ... with a burning spray
             ... on level 3 of the Dungeon.
             The game lasted 00:00:03 (1224 turns).

qw the Shooter (Gargoyle Hunter)                    Turns: 1224, Time: 00:00:04

Health: 0/22       AC:  6    Str: 14    XL:     3   Next: 68%
Magic:  3/3        EV: 11    Int:  9    God:
Gold:   95         SH:  0    Dex: 15    Spells: 2/2 levels left

rFire   . . .        a - +0 shortbow
rCold   . . .        (shield currently unavailable)
rNeg    + . .        c - +0 leather armour
rPois   inf          (no helmet)
rElec   +            (no cloak)
rCorr   .            (no gloves)
SInv    .            (no boots)
Will    .....        (no amulet)
Stlth   +            (no ring)
HPRegen 0.23/turn    (no ring)
MPRegen 0.08/turn

%: no passive effects
@: on fire, glowing
A: sickness immunity, AC +3, negative energy resistance 1, electricity
resistance, torment resistance 1, petrification resistance
a: no special abilities


You were on level 3 of the Dungeon.
You visited 1 branch of the dungeon, and saw 3 of its levels.

You collected 95 gold pieces.


Innate Abilities, Weirdness & Mutations

You are immune to sickness and miasma.
Your stone body is resilient. (AC +3)
You are immune to poison.
You resist negative energy. (rN+)
You are resistant to electric shocks. (rElec)
You are resistant to unholy torment.
You are immune to petrification.


   Skills:
 + Level 2.9 Fighting
 - Level 5.0 Ranged Weapons
 - Level 1.5 Dodging
 - Level 1.1 Stealth


You had 2 spell levels left.
You didn't know any spells.
Your spell library was empty.

Inventory:

Hand Weapons
 a - a +0 shortbow (weapon)
Armour
 b - a +0 ring mail
 c - a +0 leather armour (worn)
Potions
 h - a potion of curing

Dungeon Overview and Level Annotations

Branches:
Dungeon (3/15)

Altars:
Ashenzari


Message History

You shoot an arrow.
The arrow hits the rat but does no damage.
You shoot an arrow. The arrow completely misses the rat.
You shoot an arrow. The arrow hits the rat.
The rat is severely wounded.
You shoot an arrow. The arrow hits the rat!
You kill the rat!
You now have 95 gold pieces (gained 8).
A bombardier beetle comes into view.
You shoot an arrow. The arrow hits the bombardier beetle!
The bombardier beetle is heavily wounded.
You shoot an arrow.
The arrow barely misses the bombardier beetle.
You shoot an arrow.
The arrow barely misses the bombardier beetle.
The bombardier beetle sprays incendiary fluid at you.
The burning spray misses you.
You shoot an arrow.
The arrow completely misses the bombardier beetle.
The bombardier beetle waves its antennae.
The bombardier beetle sprays incendiary fluid at you.
The burning spray hits you.
You are covered in liquid fire!
You shoot an arrow. The arrow hits the bombardier beetle.
The bombardier beetle is heavily wounded.
The liquid fire burns you!
The bombardier beetle bites you but does no damage.
You shoot an arrow.
The arrow hits the bombardier beetle but does no damage.
The bombardier beetle is heavily wounded.
The liquid fire burns you!
You shoot an arrow. The arrow hits the bombardier beetle.
The bombardier beetle is severely wounded.
The liquid fire burns you!
The bombardier beetle sprays incendiary fluid at you.
The burning spray misses you.
You shoot an arrow. The arrow hits the bombardier beetle!
You kill the bombardier beetle!
The liquid fire burns you!
You die...

..# ##..#
....
...########
..........
.........
#.%......
#@### #...#
###.# #.##
#..### ##...#
#
........#.##
#
........#..#
#
........##.##
#


There were no monsters in sight!

Vanquished Creatures
  A bombardier beetle (D:3)
  An adder (D:2)
  2 endoplasms (D:2)
  4 giant cockroaches
  2 goblins
  8 hobgoblins
  4 kobolds
  A quokka (D:1)
  3 ball pythons (D:2)
  3 bats
  2 frilled lizards
  4 rats
35 creatures vanquished.

Notes
Turn   | Place    | Note
-------+----------+-------------------------------------------
     0 | D:1      | qw the Gargoyle Hunter began the quest for the Orb.
     0 | D:1      | Reached XP level 1. HP: 12/12 MP: 1/1
     0 | D:1      | 0 ||| qw: Version: 0.3-a-132-g3d54051
     0 | D:1      | 0 ||| qw: Game counter: 433
     0 | D:1      | 0 ||| qw: Melee chars always use a shield: true
     0 | D:1      | 0 ||| qw: God list: Okawaru
     0 | D:1      | 0 ||| qw: Allow faded altars: false
     0 | D:1      | 0 ||| qw: Do Orc after clearing Dungeon:15 true
     0 | D:1      | 0 ||| qw: Do second Lair branch before Depths: true
     0 | D:1      | 0 ||| qw: Lair rune preference: random
     0 | D:1      | 0 ||| qw: Goals: Normal
     0 | D:1      | 0 ||| PLANNING D:1-11
   131 | D:1      | Reached XP level 2. HP: 8/17 MP: 2/2
   830 | D:1      | 830 ||| READING scroll labelled FINLYOPPYI.
   831 | D:1      | 831 ||| READING scroll labelled HIXEDI LEG FUC.
   845 | D:1      | 845 ||| READING scroll labelled LOSUETRUSH.
   850 | D:1      | 850 ||| READING scroll labelled TUAVVE NOOTA.
   850 | D:1      | 850 ||| IDENTIFYING silvery potion
   851 | D:1      | 851 ||| DRINKING 3 sedimented golden potions.
   956 | D:1      | 956 ||| DROPPING scroll of butterflies.
   957 | D:1      | 957 ||| DROPPING 2 potions of berserk rage.
  1039 | D:2      | Found a broken altar of Ashenzari.
  1069 | D:2      | Reached XP level 3. HP: 20/21 MP: 3/3
  1074 | D:2      | Reached skill level 5 in Ranged Weapons
  1167 | D:2      | You fall into a shaft and drop 1 floor!
  1224 | D:3      | Incinerated by a bombardier beetle

Levels and vault maps discovered:
D:1:      elethiomel_arrival_infinity_welcomes_careful_drivers,
          layout_loops_ring, minmay_misc_feat_enclosed
D:2:      minmay_chambers_of_ones, layout_basic, basic_altar,
          kennysheep_generic_room_2
D:3:      layout_basic, minmay_misc_feat_pillars

Skill      XL: |  1  2  3 |
---------------+----------+-----
Ranged Weapons | 5 |  5.0
Fighting       | |  2.9
Dodging        | |  1.5
Stealth        | |  1.1

Action                     || total
---------------------------++-------
   Fire: Shortbow          ||   119
    Use: Scroll            ||     4
         Potion            ||     1
 Armour: Leather armour    ||    31
  Dodge: Dodged            ||    36

Table legend:
 A = Non-vault XP
 B = Vault XP
 C = Vault XP percentage of total XP
 D = Non-vault monster count
 E = Vault monster count
 F = Vault count percentage of total count
                 A         B        C        D         E       F
            +---------+---------+-------+---------+---------+-------
      Total |      99 |      10 |   9.2 |      30 |       5 |  14.3
            +---------+---------+-------+---------+---------+-------
        D:1 |      26 |       0 |   0.0 |      15 |       0 |   0.0
        D:2 |      28 |      10 |  26.3 |      12 |       5 |  29.4
        D:3 |      45 |       0 |   0.0 |       3 |       0 |   0.0
            +---------+---------+-------+---------+---------+-------
